[Event "FRA-ch Teams Top 16-Bas 2022"]
[Site "Chartres"]
[Date "2022.06.17"]
[Round "9.1"]
[White "Kulaots, Kaido"]
[Black "Song, Julien"]
[Result "1-0"]
[ECO "C42"]
[WhiteElo "2537"]
[BlackElo "2388"]
[Annotator "TA"]
[PlyCount "111"]
[EventDate "2022.06.16"]
[EventType "team-tourn"]
[EventCountry "FRA"]
[SourceTitle "playchess.com"]
[Source "ChessBase"]
[SourceQuality "1"]
[TimeControl "40/5400+30:1800+30"]

1. e4 e5 2. Nf3 Nf6 3. Nxe5 d6 4. Nf3 Nxe4 5. d4 d5 6. Bd3 Nc6 7. O-O Be7 8. Nbd2 Bf5 9. Re1 Nxd2 10. Qxd2 Bxd3 11. Qxd3 O-O 12. c3 Qd7 13. Bf4 a6 14. Re2 {[%emt 0:06:10] C42: Petroff Defence: 3 Nxe5 and unusual White 3rd moves.} Rae8 15. Rae1 Bd8 16. h3 {[%emt 0:02:34] White has an edge.} Rxe2 17. Qxe2 f6 18. Nd2 a5 {[%emt 0:05:35] [#]} 19. Qb5 $146 ({Predecessor:} 19. Nb3 b6 20. Qb5 Ne5 21. Qxd7 Nxd7 22. a4 Kf7 23. Nd2 Re8 24. Rxe8 Kxe8 25. b4 {½-½ (46) Wan,Y (2500)-Bai,J (2588) China 2018}) 19... Ne5 $1 20. Qxd7 ({Don't go for} 20. Qxa5 $2 Nd3 21. Bd6 Qxd6 $19) 20... Nxd7 21. c4 dxc4 22. Nxc4 b6 23. g4 Kf7 24. Kg2 Re8 25. Re3 Nf8 26. d5 {[%emt 0:00:44] Inhibits Ne6.} Ng6 27. Bg3 Rxe3 28. fxe3 $11 {[%emt 0:00:26][%mdl 4096] Endgame KBN-KBN} Ke7 29. e4 a4 30. Ne3 Kf7 (30... Ne5 $14) 31. Nd1 $16 Ke7 32. Nc3 a3 33. b3 Kd7 34. Nb5 c6 35. dxc6+ Kxc6 36. Nxa3 b5 37. Nc2 {[%emt 0:00:17] Black must now prevent Nd4+.} Bb6 {[%emt 0:00:29] Inhibits Nd4+.} 38. Kf3 Bc5 39. Ne1 b4 (39... Nf8 $16 {keeps fighting.} 40. Nd3 Ng6) 40. Nd3 $18 Bf8 41. Ke3 {[%emt 0:02:00] [#] Kd4 is the strong threat.} Bc5+ 42. Kf3 $2 ({White should play} 42. Nxc5 $18 Kxc5 43. h4) 42... Be7 $2 (42... Bf8 $1 $11 {and Black stays safe.}) 43. h4 Kb5 44. h5 Nf8 45. e5 Ne6 46. Ke4 {[%emt 0:01:12] Against Nd4} fxe5 47. Kxe5 Ng5 48. Kd5 Nf3 49. Bf4 g6 (49... Bf6 $142 50. Nc5 Nh4) 50. hxg6 {[%emt 0:01:51] White is clearly winning.} hxg6 51. Ne5 Ng1 52. Nxg6 Bd8 53. Bd2 Nf3 54. Be3 Bg5 55. Bxg5 Nxg5 56. Ne5 {[%emt 0:00:17] Weighted Error Value: White=0.12 (very precise) /Black=0.30} 1-0

[Event "FRA-ch Teams Top 16-Bas 2022"]
[Site "Chartres"]
[Date "2022.06.17"]
[Round "9.2"]
[White "Relange, Eloi"]
[Black "Neiksans, Arturs"]
[Result "1/2-1/2"]
[WhiteElo "2456"]
[BlackElo "2579"]
[Annotator "TA"]
[PlyCount "18"]
[EventDate "2022.06.16"]
[EventType "team-tourn"]
[EventCountry "FRA"]
[SourceTitle "playchess.com"]
[Source "ChessBase"]
[SourceQuality "1"]
[TimeControl "40/5400+30:1800+30"]

1. Nf3 d5 2. d4 e6 3. c4 a6 4. cxd5 exd5 5. Nc3 c6 6. e4 {[%emt 0:07:59] D31: Queen's Gambit Declined: Semi-Slav without ...Nf6 (+ Marshall Gambit and Noteboom) and Exchange Variation lines without ...Nf6.} dxe4 7. Nxe4 {[%emt 0:00:40] Threatens to win with Bc4.} Nf6 {[%emt 0:02:09] The position is equal.} 8. Nxf6+ Qxf6 {[%emt 0:00:47] [#]} 9. Bc4 $146 {[%emt 0:00:45] And now 0-0 would win.} ({Predecessor:} 9. a3 Bd6 10. Bg5 Qe6+ 11. Be2 h6 12. Bh4 O-O 13. O-O Qg6 14. Re1 Bf5 15. Bg3 Bxg3 16. hxg3 {½-½ (44) Doshi,M (2368)-Harsha,B (2485) Chess.com INT 2022}) 9... Bb4+ {[%emt 0:10:41] An uneventful encounter.  Weighted Error Value: White=0.01 (flawless) /Black=0.01 (flawless)} 1/2-1/2

[Event "FRA-ch Teams Top 16-Bas 2022"]
[Site "Chartres"]
[Date "2022.06.17"]
[Round "9.3"]
[White "Chabanon, Jean-Luc"]
[Black "Solakian-Van Eyll, Jerome"]
[Result "1-0"]
[ECO "A50"]
[WhiteElo "2432"]
[BlackElo "2248"]
[Annotator "TA"]
[PlyCount "71"]
[EventDate "2022.06.16"]
[EventType "team-tourn"]
[EventCountry "FRA"]
[SourceTitle "playchess.com"]
[Source "ChessBase"]
[SourceQuality "1"]
[TimeControl "40/5400+30:1800+30"]

1. Nf3 Nf6 2. g3 b6 3. Bg2 Bb7 4. O-O g6 5. c4 Bg7 6. d4 O-O 7. Bf4 {[%emt 0:08:17] 7.Re1 is the modern continuation. A50: Queen's Fianchetto Defence (1 d4 Nf6 2 c4 b6).} d6 8. Qc2 c5 9. d5 {[%emt 0:00:47] White has an edge.} b5 {[%emt 0:00:56] [#]} 10. Nbd2 $146 ({Predecessor:} 10. e4 bxc4 11. Nbd2 a5 12. Nxc4 a4 13. Rfe1 Nbd7 14. Bd2 Ra6 15. Bc3 Qa8 16. Nfd2 {½-½ (26) Sumets,A (2569)-Tratar,M (2439) Trieste 2018}) 10... Nbd7 11. e4 Ba6 12. Rfe1 Ng4 {[%emt 0:03:22] Against e5} 13. Bf1 Rb8 14. cxb5 Bxb5 15. Bxb5 Rxb5 16. Rab1 Nge5 17. Nxe5 Nxe5 18. b3 Qd7 19. Kg2 Qb7 20. Nc4 Nxc4 21. bxc4 Rb4 22. Bd2 Rb6 23. Ba5 Rxb1 24. Rxb1 Qd7 25. Bc3 Bxc3 26. Qxc3 $11 {[%emt 0:00:08][%mdl 4096] Endgame KQR-KQR} f5 27. e5 f4 28. e6 Qa4 29. a3 {[%emt 0:01:34] White is more active.} f3+ $2 {[%emt 0:00:57] This costs Black the game.} (29... Qe8 $16) 30. Kg1 $18 Rf6 (30... h5 $142 31. Qd3 Qe8) 31. h3 {[%emt 0:00:44] [#] Black must now prevent Rb8+.} g5 (31... Rf8 {keeps fighting.} 32. Kh2 Re8) 32. g4 Qe8 33. Rb7 h5 $2 (33... Qg6 34. Qb2 (34. Rxe7 Qb1+ 35. Kh2 Qf1 $11) 34... Qg7 35. Rxa7 h5) 34. Qb2 {[%emt 0:01:01] Strongly threatening Rb8. White is clearly winning.} Kg7 35. Rb8 Qg6 {[%emt 0:00:02] [#]} 36. Qb7 $1 {[%emt 0:00:21][%csl LRa7,LRe7] Weighted Error Value: White=0.17 (very precise) /Black=0.34} 1-0

[Event "FRA-ch Teams Top 16-Bas 2022"]
[Site "Chartres"]
[Date "2022.06.17"]
[Round "9.4"]
[White "Ramirez Garcia, Jorge Alberto"]
[Black "Godart, Francois"]
[Result "1/2-1/2"]
[ECO "C47"]
[WhiteElo "2242"]
[BlackElo "2399"]
[Annotator "TA"]
[PlyCount "50"]
[EventDate "2022.06.16"]
[EventType "team-tourn"]
[EventCountry "FRA"]
[SourceTitle "playchess.com"]
[Source "ChessBase"]
[SourceQuality "1"]
[TimeControl "40/5400+30:1800+30"]

1. e4 e5 2. Nc3 Nf6 3. Nf3 Nc6 4. d4 Bb4 5. Nxe5 Bxc3+ 6. bxc3 Qe7 $1 7. Nxc6 {[%emt 0:00:27] C47: Scotch Four Knights and Four Knights with 4 g3.} Qxe4+ 8. Qe2 {[%emt 0:00:10] [#] Black must now prevent Nb4.} dxc6 9. Bf4 {[%emt 0:16:34] White is slightly better.} Qxe2+ 10. Bxe2 Nd5 11. Bd2 Bf5 12. O-O-O O-O-O 13. Rhe1 Rhe8 {[%emt 0:03:40] [#]} 14. Bf1 $146 ({Predecessor:} 14. Bh5 g6 15. Bf3 f6 16. h4 Nb6 17. Re2 Rxe2 18. Bxe2 Be4 19. Bf1 Bd5 20. a3 {½-½ (38) Ritz,O (1905)-Kruse,E DESC email 1999}) 14... Be6 15. Bd3 Nb6 16. Kb1 ({Reject} 16. Bxh7 g6 17. h4 Rd5 $11) 16... Rd5 17. Re5 ({Wrong is} 17. Bxh7 $2 Rb5+ 18. Kc1 g6 $19) (17. f4 $11) 17... Rxe5 $15 18. dxe5 Rd8 19. f4 ({Not} 19. Bxh7 $2 g6 20. h3 Nc4 $19) 19... g6 20. a3 Bf5 21. Be2 Rd5 22. Kc1 Ra5 23. Kb2 Na4+ 24. Kc1 Nb6 (24... Nc5 $5 ) 25. Kb2 Na4+ {[%emt 0:00:34] Weighted Error Value: White=0.14 (very precise) /Black=0.12 (very precise)} (25... Rc5 $15) 1/2-1/2

[Event "FRA-ch Teams Top 16-Bas 2022"]
[Site "Chartres"]
[Date "2022.06.17"]
[Round "9.5"]
[White "Dionisi, Thomas"]
[Black "Sohier, Julien"]
[Result "1-0"]
[ECO "C77"]
[WhiteElo "2408"]
[BlackElo "2218"]
[Annotator "TA"]
[PlyCount "57"]
[EventDate "2022.06.16"]
[EventType "team-tourn"]
[EventCountry "FRA"]
[SourceTitle "playchess.com"]
[Source "ChessBase"]
[SourceQuality "1"]
[TimeControl "40/5400+30:1800+30"]

1. e4 e5 2. Nf3 Nc6 3. Bb5 a6 4. Ba4 Nf6 5. d3 d6 6. c3 g6 7. O-O Bg7 8. h3 {[%emt 0:00:15] C77: Ruy Lopez: 3...a6 4 Ba4 Nf6, unusual lines.} O-O 9. Be3 $1 {[%emt 0:00:05] The main line 9.Be3 scores better than 9.Re1.} b5 10. Bc2 {[%emt 0:00:10][%cal Ba4c2,Bc2b3,Bb3f7][%mdl 32] The position is equal.} Re8 11. a4 Bb7 12. Nbd2 b4 13. a5 bxc3 14. bxc3 Na7 15. Bb3 {[%emt 0:06:36][%cal Ob3f7] [#] Hoping for Bxf7+!} d5 $146 ({Predecessor:} 15... h6 16. Bxf7+ Kxf7 17. Qb3+ Re6 18. Qxb7 Nb5 19. c4 Rb8 20. Qxa6 Nc3 21. Ra3 Ne2+ {1-0 (45) Tsolakidou,S (2340)-Nomin Erdene,D (2358) Tarvisio 2017}) 16. Qc2 Nb5 17. Rfe1 Qd6 $2 {[%emt 0:05:40] [#] Black cannot hold the game after this.} (17... dxe4 $11 18. Nxe4 (18. dxe4 Qe7 $11) 18... Nxe4 19. dxe4 Qe7) 18. exd5 $18 Nxd5 19. Ne4 Nxe3 (19... Qd8 $16) 20. Bxf7+ $1 ({Not} 20. fxe3 Bxe4 21. dxe4 Qc5 $11) 20... Kf8 21. Rxe3 Bxe4 22. Bxe8 Bxf3 23. Bxb5 Bxg2 24. Kxg2 axb5 25. Rf3+ ({Much less strong is} 25. Qb3 c6 26. a6 Bf6 $18) 25... Bf6 26. Qb3 Qc6 27. Rb1 ({Less strong is} 27. Kg3 Kg7 28. Qb4 Rf8 $18) 27... Rb8 $2 {[%emt 0:02:58] [#]} (27... Ra6 28. Qxb5 Qxb5 29. Rxb5 Ke7) 28. Qb4+ Kg7 29. c4 {[%emt 0:33:33] Weighted Error Value: White=0.07 (flawless) /Black=0.39} 1-0

[Event "FRA-ch Teams Top 16-Bas 2022"]
[Site "Chartres"]
[Date "2022.06.17"]
[Round "9.6"]
[White "Iglesias, Yosha"]
[Black "Brochet, Philippe"]
[Result "1-0"]
[ECO "A07"]
[WhiteElo "2202"]
[BlackElo "2390"]
[Annotator "TA"]
[PlyCount "153"]
[EventDate "2022.06.16"]
[EventType "team-tourn"]
[EventCountry "FRA"]
[SourceTitle "playchess.com"]
[Source "ChessBase"]
[SourceQuality "1"]
[TimeControl "40/5400+30:1800+30"]

1. Nf3 d5 2. g3 Bg4 3. Bg2 Nd7 4. O-O c6 5. h3 Bh5 6. d3 e5 {[%emt 0:01:01] A07: Réti Opening: New York and Capablanca Systems.} 7. c4 dxc4 8. d4 exd4 {[%emt 0:05:49] The position is equal.} 9. Qxd4 Ngf6 10. Qxc4 {[%emt 0:02:49] [#]} Bxf3 $146 (10... Be7 {seems wilder.} 11. Rd1 O-O 12. Nh4 Nb6) ({Predecessor:} 10... Be7 11. Nh4 O-O 12. Nc3 Qa5 13. a3 Nb6 14. Qb3 Rfe8 15. e4 Bf8 16. Qc2 Bg6 17. Nxg6 hxg6 {1-0 (43) Meier,G (2623)-Bartholomew,J (2439) Chess.com INT 2019}) 11. Bxf3 Ne5 12. Qb3 Nxf3+ 13. exf3 Qd7 (13... Qb6 $14) 14. Rd1 $1 $18 Nd5 15. Nc3 Rd8 16. Nxd5 cxd5 17. Bd2 ({White should try} 17. Bf4 Be7 18. Rac1) 17... Be7 $16 18. Bb4 O-O 19. Bxe7 Qxe7 20. Rxd5 Rxd5 21. Qxd5 {[%emt 0:00:06][%mdl 4096] Endgame KQR-KQR} Rd8 22. Qa5 a6 23. Re1 (23. Kg2 {feels hotter.} g6 24. Qc3 Rd6 25. Re1) 23... Qd7 24. Kg2 {[%emt 0:00:59] White is more active.} g6 25. h4 h5 26. Qb4 b5 27. Re7 Qd6 {[%emt 0:05:06] [#]} 28. Qxd6 (28. Re8+ $142 $1 Kh7 29. Qb3 $1) 28... Rxd6 {[%emt 0:00:02] KR-KR} 29. b3 ({White should play} 29. b4 $16) 29... Rd2 $11 30. a4 bxa4 31. bxa4 {[%emt 0:00:09] Black should prevent Ra7.} Ra2 $1 32. Re4 Kg7 33. Rc4 f5 34. g4 hxg4 35. fxg4 fxg4 36. Rxg4 {[%emt 0:01:42] And now h5 would win.} Kh6 37. Kg3 Ra3+ 38. f3 Ra1 39. Rd4 Rg1+ 40. Kf4 {[%emt 0:01:25] Rd6 is the strong threat.} Rh1 41. Ke5 Kh5 42. Rd6 Rxh4 43. Rxa6 {[%emt 0:00:00] Hoping for a5.} g5 $1 44. a5 Ra4 $1 45. Ra8 Kh4 $1 46. a6 Ra5+ 47. Kd4 $1 Kg3 48. a7 {[%emt 0:00:00][%cal Of3f4] Black must now prevent f4!} (48. Ke4 $5 ) 48... Ra4+ 49. Ke5 (49. Ke3 Ra3+ 50. Ke2 Ra2+ 51. Kd3 (51. Ke3 Ra3+ 52. Ke2 Ra2+ 53. Ke3 Ra5 $11) 51... Ra5) 49... Ra5+ 50. Ke6 (50. Ke4 Kf2) (50. Kd4 $5 Ra4+ 51. Ke5 $11 (51. Ke3 Ra3+ 52. Ke2 Ra2+ 53. Ke1 Ra1+ 54. Ke2 Ra2+ 55. Kf1 Ra1+ 56. Ke2 Ra2+ $11)) 50... Ra6+ 51. Kf5 Ra5+ 52. Kg6 (52. Ke4 $5 Ra4+ 53. Kd3 (53. Ke3 Ra3+ 54. Ke4 Ra4+ 55. Ke5 Ra5+ 56. Ke4 Ra4+ $16) 53... Ra3+ 54. Ke4 Ra4+ 55. Ke5 $16 (55. Ke3 Ra3+ 56. Ke4 Ra4+ $16)) 52... Kf2 $2 (52... Kxf3 $11 53. Rf8+ Ke3) 53. Kh6 $2 (53. Rf8 $1 Rxa7 54. Kxg5 Ra5+ 55. Kg4 Ra7 56. f4 Rg7+ 57. Kf5 Kf3 58. Rb8) 53... Kg3 $1 54. Kg6 $2 (54. f4 $11 gxf4 55. Kh7 (55. Rg8+ Kh2 $11)) 54... Kf2 55. Rf8 $1 Rxa7 56. Kxg5 Ra5+ {[%emt 0:03:27] [#]} 57. Kg4 $1 Ra1 58. f4 Rg1+ 59. Kf5 Ra1 60. Rb8 Kg3 {[%emt 0:00:41] [#]} 61. Kg5 $1 Kf3 62. f5 Ke4 63. Re8+ Kd5 64. f6 Rg1+ 65. Kh6 Rh1+ 66. Kg7 Rg1+ 67. Kf8 Kd6 68. f7 Kd7 69. Re4 Rf1 70. Kg7 $2 (70. Rg4 {mates} Ke6 71. Rg6+ Kd7 72. Kg8 Ke7 73. Rg7 Kd6 74. f8=Q+ Rxf8+ 75. Kxf8) 70... Rg1+ 71. Kf6 $1 {[%emt 0:00:52] Rf4 would kill now.} Rf1+ 72. Kg6 {[%emt 0:00:10] Threatening mate with Re8.} Rg1+ $1 73. Kf6 {[%emt 0:00:24] White threatens Rf4 and mate.} Rf1+ 74. Kg7 Rg1+ 75. Kf8 $2 (75. Kh6 $11 Rf1 76. Kg7) 75... Rf1 76. Re2 {[%emt 0:01:39] Inhibits Rf2.} Ra1 77. Rg2 {[%emt 0:02:28] Weighted Error Value: White=0.25 (precise) /Black=0.17 (very precise)} 1-0

[Event "FRA-ch Teams Top 16-Bas 2022"]
[Site "Chartres"]
[Date "2022.06.17"]
[Round "9.7"]
[White "Housieaux, David"]
[Black "Lemonnier, Remi"]
[Result "1-0"]
[ECO "D43"]
[WhiteElo "2412"]
[BlackElo "2033"]
[Annotator "TA"]
[PlyCount "78"]
[EventDate "2022.06.16"]
[EventType "team-tourn"]
[EventCountry "FRA"]
[SourceTitle "playchess.com"]
[Source "ChessBase"]
[SourceQuality "1"]
[TimeControl "40/5400+30:1800+30"]

1. d4 d5 2. c4 c6 3. Nf3 Nf6 4. Nc3 e6 5. Qd3 dxc4 6. Qxc4 b5 7. Qb3 a6 8. Bg5 {[%emt 0:11:33] D43: Semi-Slav: 5 Bg5 h6.} Nbd7 9. e4 h6 10. Bh4 (10. Bxf6 $11 Qxf6 11. Qc2) 10... g5 11. Bg3 b4 {[%emt 0:00:00] [#]} 12. Na4 $146 ({Predecessor:} 12. d5 bxc3 13. dxe6 fxe6 14. Qxe6+ Qe7 15. Qxc6 cxb2 16. Rd1 Qxe4+ 17. Qxe4+ Nxe4 18. Bd3 Bb4+ 19. Kf1 Nxg3+ 20. hxg3 a5 21. Nxg5 Ba6 22. Ke2 Bxd3+ 23. Kxd3 O-O-O {0-1 (23) Kral,P (1937)-Drnovsek,G (2359) Pardubice 2016}) 12... Nxe4 13. Bd3 Nxg3 14. hxg3 Qe7 15. O-O Bg7 16. Rfe1 O-O 17. Rac1 a5 18. Rxc6 Nb8 (18... Bb7 19. Rcxe6 $1 Qd8 20. Be4 fxe6 21. Bxb7 $16 (21. Qxe6+ Kh8 $11)) (18... Qd8 $5 ) 19. Rb6 g4 $2 (19... Nd7 $11) 20. Ne5 (20. Nh4 $1 $16) 20... Nd7 $11 {[%emt 0:00:00] [#]} 21. Bc2 $1 $132 {[%emt 0:19:09][%cal Ob3d3][%mdl 2048] White has counterplay} Nxb6 (21... Nxe5 22. dxe5) 22. Nxb6 Rb8 {[%emt 0:01:28] [#]} (22... Ba6 $11) 23. Qd3 $1 $16 {[%emt 0:01:47][%csl Gc2][%cal Rd3h7] 0x0.00207a552004dp-1022s more active pieces. The black rooks are badly placed.} f5 (23... Rd8 24. Qh7+) 24. Nbc4 {[%emt 0:00:56] [#]} (24. Ng6 $16 {and life is bright.} Qa7 25. Nxc8 (25. Nxf8 Rxb6 26. Ng6 Rd6 $11) 25... Rbxc8 26. Nxf8 Rxf8 27. d5 (27. Rxe6 Qxd4 28. Qxd4 Bxd4 $14)) 24... Qf6 (24... Qc7 $1 $17 {aiming for ...Ba6.} 25. b3 Rd8) 25. Nxa5 $14 Rb6 26. Nac4 {[%emt 0:01:24] Pair of Knights!} Ra6 27. Bb3 Rd8 28. Ne3 {[%emt 0:01:46] Strongly threatening Nxf5.} Qxe5 {[%emt 0:01:35] [#]} 29. Qxa6 $1 Qxe3 $1 30. Rxe3 Bxa6 31. Rxe6 Rxd4 {[%emt 0:02:04] Threatens to win with ...Bc4.} 32. Rxa6+ {[%emt 0:00:09][%mdl 4096] Endgame KRB-KRB} Kh7 33. Bf7 Rd1+ {[%emt 0:00:21][%mdl 64] Discovered Attack} 34. Kh2 Bxb2 35. Bg6+ Kg7 36. Bxf5 Rd2 37. Rg6+ Kf7 38. Rxh6 Rxf2 39. Bxg4 Rf6 {[%emt 0:01:08] Weighted Error Value: White=0.28 (precise) /Black=0.33} 1-0

[Event "FRA-ch Teams Top 16-Bas 2022"]
[Site "Chartres"]
[Date "2022.06.17"]
[Round "9.8"]
[White "Coriat, Caroline"]
[Black "Monpeurt, Cyrielle"]
[Result "0-1"]
[ECO "D05"]
[WhiteElo "1752"]
[BlackElo "2172"]
[Annotator "NA RC"]
[PlyCount "60"]
[EventDate "2022.06.16"]
[EventType "team-tourn"]
[EventCountry "FRA"]
[SourceTitle "playchess.com"]
[Source "ChessBase"]
[SourceQuality "1"]
[TimeControl "40/5400+30:1800+30"]

1. d4 Nf6 2. Nf3 c5 3. e3 e6 4. Bd3 d5 5. Nbd2 Nc6 6. c3 Bd6 7. O-O O-O 8. Re1 cxd4 9. exd4 Qc7 10. Qe2 Nd7 11. c4 Bf4 12. a3 Rd8 13. Nb3 dxc4 14. Bxc4 Bxc1 15. Raxc1 Nf8 16. Qe4 Qb6 17. Re3 Ne7 18. Ng5 h6 19. Nf3 Bd7 20. Ne5 Bb5 21. Qf4 Nf5 22. Rh3 Bxc4 23. Rxc4 Rac8 24. Rb4 Qc7 25. Rc3 Qe7 26. Qf3 Nd6 27. Na5 Rxc3 28. bxc3 Qg5 29. g3 f6 30. Nd3 Qxa5 0-1

[Event "FRA-ch Teams Top 16-Bas 2022"]
[Site "Chartres"]
[Date "2022.06.17"]
[Round "9.9"]
[White "Kirk, Ezra"]
[Black "Van Foreest, Lucas"]
[Result "1/2-1/2"]
[ECO "D02"]
[WhiteElo "2446"]
[BlackElo "2572"]
[Annotator "TA"]
[PlyCount "103"]
[EventDate "2022.06.16"]
[EventType "team-tourn"]
[EventCountry "FRA"]
[SourceTitle "playchess.com"]
[Source "ChessBase"]
[SourceQuality "1"]
[TimeControl "40/5400+30:1800+30"]

1. Nf3 d5 2. d4 e6 3. Bf4 c5 4. e3 Nc6 5. Nbd2 Bd6 6. Bg3 {[%emt 0:14:34] D02: 1 d4 d5 2 Nf3 sidelines, including 2...Nf6 3 g3 and 2...Nf6 3 Bf4.} Nge7 7. c3 cxd4 8. exd4 f6 {[%emt 0:01:56] [#]} 9. b4 $146 ({Predecessor:} 9. Bd3 O-O 10. Qe2 Qc7 11. O-O-O e5 12. dxe5 fxe5 13. Ng5 h6 14. Qh5 Bf5 15. Bxf5 Rxf5 {0-1 (22) Ruell,M (1830)-Weber,R (1964) Bad Homburg 2017}) 9... O-O 10. b5 Na5 11. Bd3 Nf5 12. Bxf5 ({Better is} 12. O-O $11) 12... exf5 $15 13. Bxd6 Qxd6 14. O-O Bd7 15. Nb3 Nc4 16. a4 b6 17. Nfd2 Rfc8 18. Qf3 a6 (18... Nxd2 $15 19. Nxd2 a6) 19. Nxc4 $11 Rxc4 (19... dxc4 $11 20. Nd2 Be6) 20. a5 $16 Rac8 21. Rfc1 (21. bxa6 $16 {aiming for axb6.} Rxc3 22. Qd1) 21... Bxb5 (21... axb5 $14 22. axb6 Qxb6) 22. axb6 {[%emt 0:00:56][%mdl 64] [#] Deflection} Qxb6 23. Qxd5+ Kh8 24. Nc5 (24. Qxf5 $16 h6 25. Nc5 R8xc5 26. dxc5 Rxc5 27. Qf3) 24... f4 $1 $14 25. Qf5 {[%emt 0:08:06] White is more active.} Qc7 26. h4 h6 27. h5 (27. Ra3 $16) 27... Re8 28. Nxa6 (28. Re1 {looks sharper.} Rxe1+ 29. Rxe1 Rxc3 30. Qg6) 28... Bxa6 {[%emt 0:00:04] The position is equal.} 29. Rxa6 Rxc3 30. Rxc3 Qxc3 31. Qxf4 {[%emt 0:01:11][%mdl 4096] Endgame KQR-KQR} Qd3 32. Ra1 Rd8 33. Re1 Rxd4 34. Qb8+ Kh7 35. Qb1 Qxb1 36. Rxb1 $11 {[%emt 0:00:05] KR-KR} Rd5 37. g4 f5 38. f3 fxg4 39. fxg4 Rd4 40. Kg2 Rxg4+ 41. Kh3 Rg5 42. Kh4 Kg8 43. Rb7 Kf8 44. Ra7 Rg1 45. Rb7 Re1 46. Kg4 Re4+ 47. Kf5 Rh4 48. Kg6 Rg4+ 49. Kh7 $1 Rg5 50. Ra7 Rxh5 {[%emt 0:00:00] [#] Strongly threatening ...Rg5.} 51. Rxg7 Rh1 52. Ra7 {[%emt 0:00:00] Weighted Error Value: White=0.11 (very precise) /Black=0.12 (very precise)} 1/2-1/2

[Event "FRA-ch Teams Top 16-Bas 2022"]
[Site "Chartres"]
[Date "2022.06.17"]
[Round "9.10"]
[White "Piorun, Kacper"]
[Black "Favarel, Julien"]
[Result "1-0"]
[ECO "E71"]
[WhiteElo "2635"]
[BlackElo "2312"]
[Annotator "TA"]
[PlyCount "109"]
[EventDate "2022.06.16"]
[EventType "team-tourn"]
[EventCountry "FRA"]
[SourceTitle "playchess.com"]
[Source "ChessBase"]
[SourceQuality "1"]
[TimeControl "40/5400+30:1800+30"]

1. d4 Nf6 2. c4 g6 3. Nc3 Bg7 4. e4 d6 5. h3 O-O 6. Be3 e5 7. d5 Na6 8. g4 {[%emt 0:01:54] E71: King's Indian: 4 e4 d6 5 h3.} Nc5 9. f3 a5 10. Nge2 {[%emt 0:00:57][%cal Bg1e2,Be2g3,Bg3h1,Bh1f2,Bf2d3][%mdl 32] White is slightly better.} c6 11. Ng3 h5 12. Qd2 cxd5 13. cxd5 Bd7 14. Rg1 h4 (14... hxg4 15. hxg4 Nh7 16. Rh1 $16) 15. Nh1 a4 16. Nf2 Qa5 17. Nd3 {[%emt 0:00:31] [#]} b5 $146 ({Predecessor:} 17... b6 18. Nxc5 bxc5 19. Bc4 Rfb8 20. Kf2 Ne8 21. Nd1 Qa7 22. Bg5 Bf6 23. Bxf6 Nxf6 {0-1 (51) Bharath,S (2479)-Demchenko,A (2654) Chess.com INT 2022}) 18. Nxc5 dxc5 19. Nd1 (19. Bxc5 b4 20. Bxf8 bxc3 21. Qxc3 Bxf8 22. Qxa5 Rxa5 $11) (19. a3 $14) 19... b4 (19... Qxd2+ $11 {remains equal.} 20. Kxd2 Rfc8) 20. Bg5 $16 Rfc8 21. Ne3 (21. Bxh4 $6 c4 $11) (21. Rc1 $142) 21... c4 22. Bxc4 Ne8 (22... Nh7 $142 23. Bxh4 Bh6) 23. Bxh4 (23. Rc1 $142) 23... Bh6 {[%emt 0:03:13] [#] And now ...Rxc4 would win.} 24. g5 Bf8 25. Bf1 Bc5 26. Nc4 $1 Qa7 27. Bf2 Bxf2+ $2 (27... Qb8 $16 28. Bxc5 Rxc5) 28. Qxf2 $18 Rc5 29. Nxe5 Qc7 {[%emt 0:00:51] [#] Strongly threatening ...Rc1+.} 30. Qd4 $1 (30. Nxd7 $2 Rc1+ 31. Rxc1 Qxc1+ 32. Ke2 Rc8 $19) 30... Rc8 31. Bd3 {[%emt 0:02:53] Against Rc2} Bb5 (31... Ng7 {was called for.} 32. Kf2 Nh5) 32. Bxb5 Rxb5 33. Nc6 Ng7 34. Na7 $2 (34. Rc1 $18 Kh7 35. Rg4) 34... Rxd5 $1 $11 35. Qxd5 Qxa7 36. Rg2 (36. Rf1 $2 Qe3+ 37. Kd1 Ne6 $19) 36... Qe3+ 37. Kf1 Ne6 (37... Qxf3+ 38. Kg1 Qxh3 39. Rf1 $16) 38. Qd2 {[%emt 0:07:13] Prevents Rc1+.} Qxf3+ 39. Qf2 $1 ({Wrong is} 39. Kg1 $2 Nf4 40. Rh2 Nxh3+ 41. Rxh3 Qxh3 $19) 39... Qxh3 {[%emt 0:00:36] ...Nxg5 is the strong threat.} 40. Kg1 Rd8 (40... Qd3 $11) 41. Rf1 $16 Rd7 42. Qf3 ({Better is} 42. Qg3 $16 Qxg3 43. Rxg3) 42... Qh4 43. Qg4 Qh8 44. Rf6 {[%emt 0:00:00][%cal Of6g6] Hoping for Rxg6+!} Rd6 $2 (44... Kg7 $1 $14) 45. Rgf2 $18 a3 (45... Rc6 $142 46. Rxf7 Rc1+ 47. Rf1 (47. Kg2 {leads to mate.} Qh1+ 48. Kg3 Rg1+) 47... Qd4+ 48. R7f2 Rxf1+ 49. Kxf1 Qc4+ 50. Kg2 a3 51. bxa3 bxa3) 46. bxa3 bxa3 47. Rxf7 Qa1+ 48. Kg2 {[%emt 0:00:00] White threatens Qh3 and mate.} Rd1 49. Qxe6 {[%emt 0:00:00][%cal Re6e8] White mates.} Rg1+ 50. Kh2 Rh1+ 51. Kg3 Qg1+ 52. Rg2 Qe1+ 53. Rff2+ Kh7 54. Qd7+ Kg8 55. Qd2 {[%emt 0:00:00] Weighted Error Value: White=0.14 (very precise) /Black=0.58} (55. Qf7+ $142 Kh8 56. Rh2+ Rxh2 57. Qf6+ (57. Kxh2 Qg1+ 58. Kxg1 $11) 57... Kh7 58. Kxh2 Qxf2+ 59. Qxf2 Kg7 60. e5) 1-0